[Event "ICCopen2016"]
[Site "Internet Chess Club"]
[Date "2016.06.03"]
[Round "1"]
[White "Bleeksk"]
[Black "depressnyak"]
[Result "0-1"]
[ICCResult "White resigns"]
[WhiteElo "1921"]
[BlackElo "3205"]
[Opening "Pirc: classical system, 5.Be2"]
[ECO "B06"]
[NIC "PU.03"]
[Time "19:03:04"]
[TimeControl "180+0"]

1. e4 g6 2. d4 Bg7 3. Nf3 d6 4. Be2 Nf6 5. Nc3 O-O 6. O-O a6 7. Be3 e6 8. h3
Nc6 9. Qd2 b6 10. Rad1 Bb7 11. d5 exd5 12. exd5 Ne7 13. Bc4 b5 14. Bb3 b4
15. Ne2 Nexd5 16. Bh6 Re8 17. Bxg7 Kxg7 18. Nf4 Nxf4 19. Qxf4 Bxf3 20. Qxf3
a5 21. Ba4 Re5 22. Rd4 d5 23. Rfd1 Qd6 24. g4 c5 25. R4d2 Ra7 26. g5 Rxg5+
27. Kh1 Re7 {White resigns} 0-1

[Event "ICCopen2016"]
[Site "Internet Chess Club"]
[Date "2016.06.03"]
[Round "1"]
[White "maly"]
[Black "fishmaster"]
[Result "1-0"]
[ICCResult "Black checkmated"]
[WhiteElo "2494"]
[BlackElo "1617"]
[Opening "King's Indian: orthodox, Donner variation"]
[ECO "E94"]
[NIC "KI.15"]
[Time "19:03:14"]
[TimeControl "180+0"]

1. d4 Nf6 2. c4 g6 3. Nc3 Bg7 4. e4 d6 5. Be2 O-O 6. Nf3 e5 7. O-O c6 8. Bg5
Nbd7 9. d5 c5 10. Nd2 a6 11. a3 h6 12. Be3 Kh7 13. b4 b6 14. bxc5 bxc5 15.
Rb1 Ne8 16. Qa4 Nb6 17. Qa5 Rb8 18. Na4 f5 19. f3 fxe4 20. Nxe4 Nf6 21.
Nxf6+ Bxf6 22. Rxb6 Rxb6 23. Qxb6 Qe7 24. Nc3 Bh4 25. Ne4 Rd8 26. Bd3 h5 27.
Nxc5 dxc5 28. Qxg6+ Kh8 29. Qxh5+ Kg7 30. Bh6+ Kf6 31. Qg6# {Black
checkmated} 1-0

[Event "ICCopen2016"]
[Site "Internet Chess Club"]
[Date "2016.06.03"]
[Round "1"]
[White "RJoseph12"]
[Black "Chapo2"]
[Result "0-1"]
[ICCResult "White resigns"]
[WhiteElo "1267"]
[BlackElo "2011"]
[Opening "French: exchange variation"]
[ECO "C01"]
[NIC "FR.01"]
[Time "19:03:10"]
[TimeControl "180+0"]

1. e4 e6 2. d4 d5 3. exd5 exd5 4. Bd3 Nf6 5. Ne2 Bd6 6. Nbc3 O-O 7. O-O c6
8. Bg5 Bg4 9. Qd2 Nbd7 10. h3 Bh5 11. Bf4 Qc7 12. Rfe1 Rae8 13. Bxd6 Qxd6
14. Nf4 Bg6 15. Nxg6 hxg6 16. Qg5 a6 17. Ne2 Ne4 18. Bxe4 Rxe4 19. c3 Rfe8
20. Qd2 Qe6 21. Kf1 Qd6 22. Kg1 Qe7 23. Kf1 Nb6 24. Ng3 Nc4 25. Qc1 Rxe1+
26. Qxe1 Qxe1+ 27. Rxe1 Nd2+ 28. Kg1 Rxe1+ 29. Kh2 Nf1+ 30. Nxf1 Rxf1 31. g3
Rb1 32. Kg2 Rxb2 33. h4 Rxa2 34. Kf3 Rc2 {White resigns} 0-1

[Event "ICCopen2016"]
[Site "Internet Chess Club"]
[Date "2016.06.03"]
[Round "1"]
[White "MorningRunner"]
[Black "Rude-Dude"]
[Result "1-0"]
[ICCResult "Black resigns"]
[WhiteElo "2114"]
[BlackElo "1321"]
[Opening "Robatsch defense"]
[ECO "B06"]
[NIC "KF.05"]
[Time "19:03:15"]
[TimeControl "180+0"]

1. e4 g6 2. d4 Bg7 3. Nc3 e6 4. Be3 Ne7 5. Qd2 d5 6. O-O-O dxe4 7. Nxe4 Nf5
8. h4 Nxe3 9. Qxe3 Nc6 10. Nf3 Bd7 11. h5 f5 12. Nc5 Qe7 13. Nxd7 Qxd7 14.
d5 Nb4 15. Qxe6+ Qxe6 16. dxe6 Nxa2+ 17. Kb1 Nb4 18. c3 Nc6 19. Bb5 a6 20.
Bxc6+ bxc6 21. Nd4 c5 22. Nc6 g5 23. Rd7 Bh6 24. Rhd1 O-O 25. e7 Rfe8 26.
Rd8 g4 27. Rxa8 Rxa8 28. Rd8+ Rxd8 29. exd8=Q+ Bf8 30. Qf6 {Black resigns}
1-0

[Event "ICCopen2016"]
[Site "Internet Chess Club"]
[Date "2016.06.03"]
[Round "1"]
[White "YKQ"]
[Black "RonJB"]
[Result "1-0"]
[ICCResult "Black resigns"]
[WhiteElo "2611"]
[BlackElo "1668"]
[Opening "French: Steinitz, Boleslavsky variation"]
[ECO "C11"]
[NIC "FR.04"]
[Time "19:03:20"]
[TimeControl "180+0"]

1. e4 e6 2. d4 d5 3. Nc3 Nf6 4. e5 Nfd7 5. f4 c5 6. Nf3 Nc6 7. Be3 cxd4 8.
Nxd4 Nxd4 9. Bxd4 b6 10. Qd2 Bc5 11. O-O-O O-O 12. Kb1 Bb7 13. h4 Rc8 14. h5
h6 15. Rh3 Bxd4 16. Qxd4 Qe7 17. g4 Qc5 18. Qd2 a5 19. Bd3 Ra8 20. Nb5 Ba6
21. Nd4 Bxd3 22. Rxd3 Rfc8 23. Qe2 b5 24. g5 hxg5 25. fxg5 Nb6 26. g6 Nd7
27. gxf7+ Kxf7 28. Qg4 Ra6 29. Qg6+ Kg8 30. h6 Qf8 31. Rf3 {Black resigns}
1-0

[Event "ICCopen2016"]
[Site "Internet Chess Club"]
[Date "2016.06.03"]
[Round "1"]
[White "BISPOMAU"]
[Black "baconwithfries"]
[Result "1-0"]
[ICCResult "Black resigns"]
[WhiteElo "2161"]
[BlackElo "1340"]
[Opening "Queen's pawn: Keres defense"]
[ECO "A40"]
[NIC "QO.17"]
[Time "19:02:32"]
[TimeControl "180+0"]

1. d4 e6 2. c4 b6 3. Nf3 Bb7 4. g3 Bxf3 5. exf3 f5 6. f4 Nf6 7. Bg2 c6 8. d5
exd5 9. cxd5 Bd6 10. Nc3 Qe7+ 11. Be3 c5 12. O-O O-O 13. Re1 Qf7 14. Nb5 Be7
15. d6 Nc6 16. dxe7 Rfe8 17. Nc7 Rac8 18. Nxe8 Rxe8 19. Qb3 d5 20. Qa4 Nb4
21. Bd2 Nd3 22. Re3 Nxb2 23. Qxa7 Nc4 24. Re2 Nxd2 25. Rxd2 Rxe7 26. Qxb6
Qe6 27. Qxe6+ Rxe6 28. Bxd5 Nxd5 29. Rxd5 g6 30. Rxc5 Kf7 31. a4 Ra6 32. a5
Ke6 33. Rd1 {Black resigns} 1-0

[Event "ICCopen2016"]
[Site "Internet Chess Club"]
[Date "2016.06.03"]
[Round "1"]
[White "minmax"]
[Black "Yedixon"]
[Result "1-0"]
[ICCResult "Black resigns"]
[WhiteElo "2018"]
[BlackElo "1269"]
[Opening "QGD: Chigorin defense"]
[ECO "D07"]
[NIC "QP.08"]
[Time "19:04:23"]
[TimeControl "180+0"]

1. d4 d5 2. c4 Nc6 3. Nf3 Bg4 4. cxd5 Bxf3 5. dxc6 Bxc6 6. Nc3 f6 7. e4 e5
8. d5 Bd7 9. Bc4 Bd6 10. O-O Ne7 11. Qh5+ g6 12. Qh6 Kf7 13. f4 Qf8 14. Qh4
Bc5+ 15. Kh1 Bd6 16. fxe5 Bxe5 17. Bg5 Kg7 18. Bh6+ {Black resigns} 1-0

[Event "ICCopen2016"]
[Site "Internet Chess Club"]
[Date "2016.06.03"]
[Round "1"]
[White "RussianCowboy"]
[Black "AttackSparrow"]
[Result "0-1"]
[ICCResult "White checkmated"]
[WhiteElo "1456"]
[BlackElo "2195"]
[Opening "Sicilian defense"]
[ECO "B40"]
[NIC "SI.43"]
[Time "19:03:19"]
[TimeControl "180+0"]

1. e4 c5 2. Nf3 e6 3. c3 Nf6 4. d3 d5 5. Nbd2 Be7 6. Be2 O-O 7. O-O Nc6 8.
a4 b6 9. exd5 exd5 10. Nb3 Bb7 11. d4 c4 12. Nbd2 Re8 13. b3 cxb3 14. Qxb3
Na5 15. Qd1 Rc8 16. Bb2 Ne4 17. Nxe4 dxe4 18. Ne5 Bd6 19. Ng4 Nc4 20. Bc1 f5
21. Ne3 Nxe3 22. fxe3 Qh4 23. h3 Qg3 24. Rxf5 Qh2+ 25. Kf2 Bg3+ 26. Kf1 Qh1#
{White checkmated}
0-1

[Event "ICCopen2016"]
[Site "Internet Chess Club"]
[Date "2016.06.03"]
[Round "1"]
[White "livis"]
[Black "MTal94"]
[Result "1-0"]
[ICCResult "Black checkmated"]
[WhiteElo "1976"]
[BlackElo "1247"]
[Opening "Sicilian: Grand Prix attack"]
[ECO "B21"]
[NIC "SI.48"]
[Time "19:02:38"]
[TimeControl "180+0"]

1. e4 c5 2. f4 Nc6 3. Nf3 Nf6 4. d3 g6 5. Be2 Bg7 6. c4 O-O 7. Nc3 d6 8. Bd2
e5 9. O-O a6 10. fxe5 dxe5 11. Nd5 Nxd5 12. cxd5 Ne7 13. b3 b5 14. Kh1 Bd7
15. Qc1 a5 16. Qxc5 Rc8 17. Qe3 b4 18. Rfc1 f5 19. Rc4 Rxc4 20. bxc4 fxe4
21. dxe4 Bg4 22. h3 Bd7 23. c5 Qc7 24. d6 Qa7 25. dxe7 Re8 26. c6 Qxe3 27.
Bxe3 Bxc6 28. Rd1 Rxe7 29. Rd8+ Kf7 30. Bc4+ Kf6 31. Bg5# {Black checkmated}
1-0

[Event "ICCopen2016"]
[Site "Internet Chess Club"]
[Date "2016.06.03"]
[Round "1"]
[White "ROWLAND"]
[Black "DetectiveStark"]
[Result "0-1"]
[ICCResult "White resigns"]
[WhiteElo "1586"]
[BlackElo "2459"]
[Opening "Scandinavian, Mieses-Kotrc gambit"]
[ECO "B01"]
[NIC "SD.01"]
[Time "19:02:48"]
[TimeControl "180+0"]

1. e4 d5 2. exd5 Qxd5 3. Nc3 Qa5 4. b4 Qxb4 5. Rb1 Qd6 6. d4 Nf6 7. h3 c6 8.
Nf3 g6 9. Bd3 Bg7 10. O-O O-O 11. Bg5 Nbd7 12. Qd2 Re8 13. Bh6 b6 14. Bxg7
Kxg7 15. Rfe1 Bb7 16. Ne4 Nxe4 17. Rxe4 c5 18. Rh4 Rh8 19. Qh6+ Kg8 20. Ng5
cxd4 21. Nxh7 Nf8 22. Bc4 Rxh7 23. Bxf7+ Kxf7 24. Qf4+ Qxf4 25. Rxf4+ Kg8
26. Re1 Rd8 27. Re5 Rf7 28. Rh4 Rd5 29. Rxd5 Bxd5 30. Rg4 Bxa2 31. h4 Bb1
32. h5 Bxc2 33. hxg6 Bxg6 34. f4 Kg7 35. g3 Nh7 36. Rh4 Rf5 37. Rh2 Rd5 38.
Rc2 Bxc2 {White resigns} 0-1

[Event "ICCopen2016"]
[Site "Internet Chess Club"]
[Date "2016.06.03"]
[Round "1"]
[White "born2die"]
[Black "B-Amin"]
[Result "0-1"]
[ICCResult "White resigns"]
[WhiteElo "1757"]
[BlackElo "2858"]
[Opening "KP: Indian opening"]
[ECO "C20"]
[NIC "KP.10"]
[Time "19:03:26"]
[TimeControl "180+0"]

1. e4 e5 2. d3 Nf6 3. f4 exf4 4. Bxf4 Nc6 5. Nf3 d5 6. e5 Nd7 7. d4 Be7 8.
c3 O-O 9. Bd3 f6 10. Qc2 fxe5 11. Bxh7+ Kh8 12. dxe5 Rxf4 13. O-O Ndxe5 14.
Nbd2 Nxf3+ 15. Nxf3 Bg4 16. Nd4 Nxd4 17. cxd4 Qd6 18. Rae1 Raf8 19. Rxf4
Qxf4 20. g3 Qf3 21. Bd3 Bh3 {White resigns} 0-1

[Event "ICCopen2016"]
[Site "Internet Chess Club"]
[Date "2016.06.03"]
[Round "1"]
[White "tangent"]
[Black "franco"]
[Result "1-0"]
[ICCResult "Black resigns"]
[WhiteElo "1968"]
[BlackElo "1134"]
[Opening "QGD Slav: 3.Nf3"]
[ECO "D11"]
[NIC "SL.01"]
[Time "19:02:55"]
[TimeControl "180+0"]

1. d4 d5 2. c4 c6 3. Nf3 Bf5 4. cxd5 cxd5 5. Nc3 e6 6. g3 Nf6 7. Bg2 Bb4 8.
Qb3 Qa5 9. Bd2 O-O 10. a3 Bxc3 11. Bxc3 Qc7 12. O-O Ne4 13. Bb4 Rc8 14. Rfd1
Nc6 15. Be1 b6 16. Rac1 Qd6 17. e3 Na5 18. Qa2 Nc4 19. Bb4 Qd7 20. b3 Ncd6
21. Ne5 Qe7 22. g4 Bg6 23. Nxg6 hxg6 24. f3 Nf6 25. a4 Qd8 26. Qa3 Nb7 27.
Bf1 Rxc1 28. Rxc1 Rc8 29. Ba6 Rxc1+ 30. Qxc1 Qd7 31. Bb5 Qd8 32. Qc6 Qb8 33.
g5 Nh5 34. Ba6 Nd8 35. Qe8+ Kh7 36. Be7 Nb7 37. Qxb8 {Black resigns} 1-0

[Event "ICCopen2016"]
[Site "Internet Chess Club"]
[Date "2016.06.03"]
[Round "1"]
[White "rovov"]
[Black "Discoverchess"]
[Result "0-1"]
[ICCResult "White resigns"]
[WhiteElo "1618"]
[BlackElo "2513"]
[Opening "Réti accepted"]
[ECO "A09"]
[NIC "RE.19"]
[Time "19:03:16"]
[TimeControl "180+0"]

1. Nf3 d5 2. c4 dxc4 3. Qa4+ c6 4. Qxc4 Nf6 5. g3 Bg4 6. Bg2 Nbd7 7. O-O
Bxf3 8. Bxf3 Ne5 9. Qb3 Nxf3+ 10. Qxf3 e6 11. d3 Be7 12. Nc3 O-O 13. Bf4 Rc8
14. a3 Qb6 15. b4 a5 16. Be3 Qa6 17. Rab1 axb4 18. axb4 Qa3 19. Ne4 Nd5 20.
Bc5 Bxc5 21. bxc5 Rc7 22. d4 Qa4 23. e3 h6 24. Nd6 Qa6 25. Rb3 b5 26. cxb6
Nxb6 27. Rfb1 Nc4 28. Qe2 c5 29. Qxc4 Qxd6 30. dxc5 Rxc5 31. Qd4 Rd5 32. Qb6
Rd1+ 33. Rxd1 Qxd1+ 34. Kg2 Qd5+ 35. Kg1 Rc8 36. Qd4 Rc1+ {White resigns}
0-1

[Event "ICCopen2016"]
[Site "Internet Chess Club"]
[Date "2016.06.03"]
[Round "1"]
[White "BlitzorDDD"]
[Black "darthvader"]
[Result "1-0"]
[ICCResult "Black resigns"]
[WhiteElo "2977"]
[BlackElo "1831"]
[Opening "King's Indian: Four pawns attack"]
[ECO "E76"]
[NIC "KI.31"]
[Time "19:03:34"]
[TimeControl "180+0"]

1. c4 d6 2. Nc3 Nf6 3. d4 g6 4. e4 Bg7 5. f4 O-O 6. Nf3 Na6 7. Bd3 e5 8.
fxe5 dxe5 9. d5 Nc5 10. Bc2 a5 11. O-O Nfd7 12. Kh1 h6 13. Be3 b6 14. Qd2
Kh7 15. Rf2 f5 16. exf5 gxf5 17. Raf1 Kh8 18. g3 Qf6 19. Ne1 f4 20. gxf4 Qh4
21. Nf3 Qh5 22. fxe5 Nxe5 23. Nxe5 Rxf2 24. Rxf2 Qxe5 25. Rf8+ Bxf8 26. Bd4
{Black resigns}
1-0

[Event "ICCopen2016"]
[Site "Internet Chess Club"]
[Date "2016.06.03"]
[Round "1"]
[White "Vegita"]
[Black "tbogin1"]
[Result "0-1"]
[ICCResult "White resigns"]
[WhiteElo "2293"]
[BlackElo "1481"]
[Opening "Pirc: Austrian attack, dragon formation"]
[ECO "B09"]
[NIC "PU.05"]
[Time "19:02:38"]
[TimeControl "180+0"]

1. e4 d6 2. d4 Nf6 3. Nc3 g6 4. f4 Bg7 5. Nf3 c5 6. Bb5+ Bd7 7. e5 Ng4 8.
Bxd7+ Qxd7 9. h3 Nh6 10. g4 O-O 11. Be3 f6 12. exf6 exf6 13. dxc5 dxc5 14.
Qxd7 Nxd7 15. O-O-O Rfd8 16. Rd5 f5 17. g5 Bxc3 18. gxh6 Bf6 19. Rhd1 Nf8
20. Bxc5 Rxd5 21. Rd2 Rxd2 22. Kxd2 Ne6 23. Be3 Rd8+ 24. Ke2 Bxb2 25. Ne1
Bd4 26. Bd2 Re8 27. Kd1 Bb6 28. Nd3 Nc5 29. Nb4 Ne4 30. Be1 Ba5 31. Nd3 Bxe1
32. Nxe1 Rd8+ 33. Ke2 Rd2+ 34. Ke3 Rh2 35. Kd4 Rxh3 36. Ke5 Ra3 37. Nd3 Ra5+
38. Kd4 Kf7 39. c4 Rxa2 40. Ne5+ Kg8 41. Kd5 Rd2+ 42. Ke6 Rd6+ 43. Ke7 a5
44. Nf7 Rd7+ 45. Kxd7 Kxf7 46. Kc7 a4 47. Kxb7 a3 48. c5 Nxc5+ {White
resigns} 0-1

[Event "ICCopen2016"]
[Site "Internet Chess Club"]
[Date "2016.06.03"]
[Round "1"]
[White "gatzke"]
[Black "flinkfinger"]
[Result "0-1"]
[ICCResult "White resigns"]
[WhiteElo "1406"]
[BlackElo "2260"]
[Opening "Nimzo-Indian: Kmoch variation"]
[ECO "E24"]
[NIC "NI.30"]
[Time "19:03:20"]
[TimeControl "180+0"]

1. d4 Nf6 2. c4 e6 3. Nc3 Bb4 4. f3 c5 5. a3 Bxc3+ 6. bxc3 Nc6 7. Be3 Qa5 8.
Qc2 cxd4 9. Bd2 dxc3 10. Bxc3 Qc7 11. e4 d6 12. Bd3 e5 13. Ne2 O-O 14. O-O
Be6 15. Rfb1 b6 16. a4 Rac8 17. Qb2 Nd7 18. Ng3 Nc5 19. Bc2 Bxc4 20. Nf5 Be6
21. Rd1 Rfd8 22. h4 g6 23. Nh6+ Kg7 24. Ng4 Bxg4 25. fxg4 Ne6 26. h5 Ncd4
27. hxg6 Qxc3 {White resigns} 0-1

[Event "ICCopen2016"]
[Site "Internet Chess Club"]
[Date "2016.06.03"]
[Round "1"]
[White "mathman"]
[Black "betterone76"]
[Result "1-0"]
[ICCResult "Black checkmated"]
[WhiteElo "2382"]
[BlackElo "1524"]
[Opening "French: Steinitz variation"]
[ECO "C11"]
[NIC "FR.04"]
[Time "19:03:19"]
[TimeControl "180+0"]

1. e4 e6 2. d4 d5 3. Nc3 Nf6 4. e5 Nfd7 5. Nce2 c5 6. c3 b6 7. f4 Nc6 8. Nf3
f6 9. Ng3 Be7 10. Bd3 f5 11. O-O h6 12. Kh1 O-O 13. Rg1 cxd4 14. cxd4 Bb7
15. Ne2 Nb4 16. Bb1 Rc8 17. a3 Nc6 18. b4 Ba6 19. Ra2 Bxe2 20. Rxe2 a5 21.
b5 Na7 22. a4 Rc4 23. Bd3 Rc7 24. g4 fxg4 25. Rxg4 Rf7 26. Reg2 Kf8 27. Bg6
Qc8 28. Bd2 h5 29. Bxh5 g6 30. Rxg6 Bd8 31. Rg8+ Ke7 32. Bxf7 Kxf7 33. R2g7#
{Black checkmated}
1-0

[Event "ICCopen2016"]
[Site "Internet Chess Club"]
[Date "2016.06.03"]
[Round "1"]
[White "TrendFriend"]
[Black "klodshans"]
[Result "1-0"]
[ICCResult "Black resigns"]
[WhiteElo "2480"]
[BlackElo "1610"]
[Opening "French: Tarrasch, open variation"]
[ECO "C07"]
[NIC "FR.18"]
[Time "19:02:50"]
[TimeControl "180+0"]

1. e4 e6 2. d4 d5 3. Nd2 c5 4. Ngf3 Nc6 5. Bb5 Bd7 6. exd5 exd5 7. O-O Bd6
8. dxc5 Bxc5 9. Nb3 Bb6 10. Qxd5 Nge7 11. Qh5 O-O 12. Bc4 Qc8 13. Ng5 h6 14.
Nxf7 Be6 15. Nd6 Qd7 16. Rd1 Bxc4 17. Nxc4 Qf5 18. Qxf5 Nxf5 19. Nxb6 axb6
20. Bf4 Rad8 21. Bc7 Rxd1+ 22. Rxd1 b5 23. h3 Rf7 24. Bb6 Nb4 25. c3 Nc6 26.
Nc5 Kh7 27. Rd7 Rxd7 28. Nxd7 b4 29. c4 Nd6 30. b3 Nc8 31. Be3 Nd6 32. Nb6
Nf5 33. Bd2 Nfd4 34. Nd5 Ne2+ 35. Kf1 Nc3 36. Nxc3 bxc3 37. Bxc3 Kg6 38. Ke2
Kf5 39. Bxg7 h5 40. Bc3 {Black resigns} 1-0

[Event "ICCopen2016"]
[Site "Internet Chess Club"]
[Date "2016.06.03"]
[Round "1"]
[White "nikenwidiartto"]
[Black "Iturrizaga"]
[Result "0-1"]
[ICCResult "White resigns"]
[WhiteElo "1855"]
[BlackElo "3019"]
[Opening "Sicilian: closed"]
[ECO "B23"]
[NIC "SI.44"]
[Time "19:03:25"]
[TimeControl "180+0"]

1. e4 c5 2. Nc3 e6 3. f4 a6 4. Nf3 b5 5. d3 Bb7 6. g3 d5 7. Bg2 Nf6 8. e5
Nfd7 9. O-O Nc6 10. g4 h5 11. h3 hxg4 12. hxg4 c4 13. Ne2 Rc8 14. d4 a5 15.
c3 Be7 16. Ng3 Qb6 17. Be3 Kd8 18. Qe2 Kc7 19. a3 Kb8 20. f5 Rcf8 21. Kf2
Qd8 22. Rh1 Nb6 23. Rxh8 Rxh8 24. Rh1 Rxh1 25. Bxh1 Na4 26. Bg2 Bc8 27. Qd2
b4 28. axb4 axb4 29. Bf1 bxc3 30. bxc3 Qa5 31. Ne2 exf5 32. g5 g6 33. Ne1
Be6 34. Bg2 Na7 35. Bf3 Nb5 36. Ng2 Nbxc3 37. Ngf4 Ne4+ {White resigns} 0-1

[Event "ICCopen2016"]
[Site "Internet Chess Club"]
[Date "2016.06.03"]
[Round "1"]
[White "A-Adly"]
[Black "Mad-Cobra"]
[Result "1-0"]
[ICCResult "Black checkmated"]
[WhiteElo "3018"]
[BlackElo "1853"]
[Opening "Réti: King's Indian attack (Barcza system)"]
[ECO "A13"]
[NIC "RE.11"]
[Time "19:03:18"]
[TimeControl "180+0"]

1. Nf3 d5 2. g3 Nf6 3. Bg2 e6 4. c4 c6 5. O-O h6 6. b3 Bc5 7. Bb2 O-O 8. d3
d4 9. a3 Bb6 10. b4 c5 11. Nbd2 Nc6 12. bxc5 Bxc5 13. Nb3 b6 14. Nxc5 bxc5
15. Nxd4 cxd4 16. Bxc6 Rb8 17. Rb1 Bb7 18. Qa4 Bxc6 19. Qxc6 e5 20. Qc5 Re8
21. Qxa7 e4 22. Qxd4 Qa5 23. dxe4 Rxe4 24. Qd3 Rbe8 25. Bxf6 gxf6 26. e3 h5
27. Rb5 Qc7 28. Rxh5 Kg7 29. Rc1 Qc6 30. Qf1 Ra8 31. Qh3 Kf8 32. Rh8+ Ke7
33. Rxa8 Qxa8 34. Rd1 Re6 35. Qf5 Qxa3 36. Qd5 Kf8 37. Rd4 Qc1+ 38. Kg2 Qe1
39. Qd8+ Kg7 40. Rg4+ Kh6 41. Qh8# {Black checkmated} 1-0

[Event "ICCopen2016"]
[Site "Internet Chess Club"]
[Date "2016.06.03"]
[Round "1"]
[White "saya"]
[Black "Shadowbane"]
[Result "1-0"]
[ICCResult "Black resigns"]
[WhiteElo "2867"]
[BlackElo "1759"]
[Opening "Modern defense"]
[ECO "A40"]
[NIC "QO.17"]
[Time "19:02:56"]
[TimeControl "180+0"]

1. d4 g6 2. Bf4 Bg7 3. h3 d6 4. e3 h6 5. Nf3 c5 6. c3 cxd4 7. cxd4 Nf6 8.
Nc3 O-O 9. Be2 Nc6 10. O-O Nh5 11. Bh2 e5 12. dxe5 dxe5 13. Qa4 Be6 14. Rfd1
Qa5 15. Qxa5 Nxa5 16. Bxe5 Bxe5 17. Nxe5 Kg7 18. Bxh5 gxh5 19. b4 Nc4 20.
Nxc4 Bxc4 21. Rd7 Rab8 22. a4 a6 23. Rad1 Be6 24. Rc7 Rfc8 25. Rxc8 Rxc8 26.
Ne4 Rc4 27. Rd4 Rxd4 28. exd4 Bd5 29. Nc3 Bb3 30. h4 Kf6 31. f3 Ke6 32. Kf2
f5 33. Ke3 Bc2 34. Kf4 Kf6 35. a5 Ke6 36. Ke3 Kd6 37. d5 Ke5 38. f4+ Kd6 39.
Kd4 Bb3 40. b5 Bc2 41. bxa6 bxa6 42. Na2 Be4 43. Nb4 Bxg2 44. Nxa6 Bxd5 45.
Nc5 Ba8 46. a6 Bc6 47. Nb7+ Kc7 48. Ke5 Be4 49. Nd6 Bd3 50. a7 {Black
resigns} 1-0

[Event "ICCopen2016"]
[Site "Internet Chess Club"]
[Date "2016.06.03"]
[Round "1"]
[White "SPARNALIQ"]
[Black "chigato"]
[Result "1-0"]
[ICCResult "Black resigns"]
[WhiteElo "2892"]
[BlackElo "1784"]
[Opening "Benko's opening"]
[ECO "A00"]
[NIC "VO.09"]
[Time "19:02:39"]
[TimeControl "180+0"]

1. g3 c6 2. Bg2 d5 3. Nf3 Be6 4. O-O f6 5. b3 Bf7 6. d4 e6 7. c4 Ne7 8. Bb2
Ng6 9. Nbd2 Be7 10. e4 Nd7 11. h4 h5 12. Re1 Qc7 13. Bh3 O-O 14. Rc1 Rfe8
15. cxd5 exd5 16. e5 Ndf8 17. e6 Bd6 18. exf7+ Kxf7 19. Nh2 Bxg3 20. fxg3
Qxg3+ 21. Kh1 Nf4 22. Rxe8 Rxe8 23. Bf1 Qxh4 24. Qf3 g5 25. Rc3 N8e6 26. Qg3
Ng6 27. Qxh4 Nxh4 28. Re3 Rg8 29. Ndf3 Nf5 30. Re1 g4 31. Ng1 Nexd4 32. Bd3
c5 33. Nf1 Nh4 34. Bxd4 cxd4 35. Ng3 Re8 36. Rxe8 Kxe8 37. Nxh5 Ke7 38. Ne2
Nf3 39. Nhf4 Kd6 40. Kg2 Ng5 41. Kg3 Ne4+ 42. Kxg4 Nf2+ 43. Kf5 Nxd3 44.
Nxd3 {Black resigns} 1-0

[Event "ICCopen2016"]
[Site "Internet Chess Club"]
[Date "2016.06.03"]
[Round "1"]
[White "Rumpel"]
[Black "PawnTerminator"]
[Result "1-0"]
[ICCResult "Black resigns"]
[WhiteElo "2649"]
[BlackElo "1688"]
[Opening "French: King's Indian attack"]
[ECO "C00"]
[NIC "FR.02"]
[Time "19:02:47"]
[TimeControl "180+0"]

1. e4 e6 2. d3 d5 3. Nd2 Nf6 4. Ngf3 Be7 5. Be2 O-O 6. O-O Re8 7. c3 c6 8.
Qc2 Nbd7 9. Re1 e5 10. Nf1 Bc5 11. Be3 Bxe3 12. Nxe3 Nb6 13. Rad1 Bg4 14.
Nxg4 Nxg4 15. h3 Nf6 16. Bf1 Qc7 17. b4 Rad8 18. a4 Nc8 19. a5 b6 20. axb6
axb6 21. Ra1 c5 22. bxc5 bxc5 23. exd5 Nxd5 24. g3 Ncb6 25. Bg2 Ra8 26. Rxa8
Rxa8 27. Nxe5 Re8 28. Nf3 Rxe1+ 29. Nxe1 Qe7 30. Nf3 g6 31. Kh2 Qd6 32. Nd2
Ne7 33. Ne4 Qc7 34. Qb2 f5 35. Nf6+ Kg7 36. Ne8+ {Black resigns} 1-0

[Event "ICCopen2016"]
[Site "Internet Chess Club"]
[Date "2016.06.03"]
[Round "1"]
[White "TallTower"]
[Black "chigamaster"]
[Result "0-1"]
[ICCResult "White resigns"]
[WhiteElo "1827"]
[BlackElo "2953"]
[Opening "King's Indian: orthodox, 7...Nbd7"]
[ECO "E94"]
[NIC "KI.13"]
[Time "19:03:33"]
[TimeControl "180+0"]

1. Nf3 Nf6 2. c4 g6 3. Nc3 Bg7 4. e4 O-O 5. d4 d6 6. Be2 Nbd7 7. O-O e5 8.
Be3 c6 9. Re1 exd4 10. Nxd4 Re8 11. f3 d5 12. cxd5 Nxd5 13. Nxd5 cxd5 14.
Nb5 dxe4 15. Nd6 exf3 16. Bxf3 Rxe3 17. Rxe3 Qb6 18. Nc4 Qc5 19. Rc1 Bxb2
20. Rc2 Bd4 21. Kh1 Bxe3 22. Nxe3 Qxe3 23. Re2 Qg5 24. Re8+ Kg7 25. Qd4+ Qf6
26. Qd2 a5 27. h3 Ne5 {White resigns} 0-1

[Event "ICCopen2016"]
[Site "Internet Chess Club"]
[Date "2016.06.03"]
[Round "1"]
[White "Peretyatko"]
[Black "AaronArrowood"]
[Result "1-0"]
[ICCResult "Black resigns"]
[WhiteElo "2782"]
[BlackElo "1730"]
[Opening "English opening"]
[ECO "A10"]
[NIC "EO.63"]
[Time "19:03:35"]
[TimeControl "180+0"]

1. c4 b6 2. Qc2 Bb7 3. b3 e6 4. Bb2 f5 5. e3 Nf6 6. d3 Bb4+ 7. Nd2 O-O 8. a3
Bxd2+ 9. Qxd2 d6 10. Qe2 Nbd7 11. Nf3 e5 12. Nd2 Qe7 13. f3 d5 14. g3 Rae8
15. Bg2 dxc4 16. dxc4 c5 17. O-O h6 18. Rad1 Rd8 19. Nb1 Nb8 20. Nc3 Nc6 21.
Nb5 a6 22. Nc3 Rxd1 23. Rxd1 Rd8 24. Rxd8+ Qxd8 25. Nd1 Qd6 26. Nf2 Na5 27.
Qc2 g6 28. Bc3 Nc6 29. Qb2 Kf7 30. b4 cxb4 31. axb4 b5 32. cxb5 axb5 33. Bf1
Qd5 34. Be2 Nd7 35. Nd3 g5 36. Nf2 Kg6 37. Bd3 Nxb4 38. Bxb4 Qxf3 39. e4
fxe4 40. Be2 Qe3 41. Qd2 Nf6 42. Qxe3 {Black resigns} 1-0

[Event "ICCopen2016"]
[Site "Internet Chess Club"]
[Date "2016.06.03"]
[Round "1"]
[White "Anarchy"]
[Black "catman"]
[Result "1-0"]
[ICCResult "Black resigns"]
[WhiteElo "2804"]
[BlackElo "1739"]
[Opening "QGD: 4.Nf3"]
[ECO "D37"]
[NIC "QI.01"]
[Time "19:02:38"]
[TimeControl "180+0"]

1. d4 e6 2. Nf3 Nf6 3. c4 d5 4. Nc3 dxc4 5. e4 Bb4 6. e5 Nd5 7. Bd2 Bxc3 8.
bxc3 b5 9. a4 c6 10. Ng5 f5 11. exf6 Nxf6 12. Be2 h6 13. Nf3 Nbd7 14. O-O
O-O 15. Re1 Nb6 16. Ne5 Nxa4 17. Bf3 Bb7 18. Nxc6 Qb6 19. Rxe6 Bxc6 20. Rxc6
Qd8 21. h3 Nd5 22. Qc2 Nab6 23. Bxh6 Rf6 24. Bg5 Rxc6 25. Bxd8 Rxd8 26. Rxa7
Rcd6 27. Qf5 R6d7 28. Rxd7 Rxd7 29. Qe6+ Rf7 30. Bxd5 Nxd5 31. Qxd5
{Black resigns}
1-0

[Event "ICCopen2016"]
[Site "Internet Chess Club"]
[Date "2016.06.03"]
[Round "1"]
[White "D-Fernandez"]
[Black "maxhappy"]
[Result "1-0"]
[ICCResult "Black resigns"]
[WhiteElo "3049"]
[BlackElo "1872"]
[Opening "Sicilian: dragon, 6.Be3"]
[ECO "B72"]
[NIC "SI.15"]
[Time "19:03:14"]
[TimeControl "180+0"]

1. e4 c5 2. Nf3 d6 3. d4 cxd4 4. Nxd4 Nf6 5. Nc3 g6 6. Be3 a6 7. f3 h5 8.
Qd2 Bg7 9. O-O-O Nc6 10. Bc4 Bd7 11. Kb1 Rc8 12. Bb3 Na5 13. Rhe1 Nxb3 14.
axb3 Qc7 15. Nd5 Nxd5 16. exd5 O-O 17. h3 Rfe8 18. g4 h4 19. Bg5 Bf6 20.
Bxf6 exf6 21. Rxe8+ Rxe8 22. Re1 Rxe1+ 23. Qxe1 Qd8 24. Qe3 Kg7 25. Kc1 Qe8
26. Kd2 Qe5 27. Qxe5 fxe5 28. Ne2 f5 29. Ke3 Kf6 30. Nc3 Ke7 31. b4 Kd8 32.
Nd1 Kc7 33. c4 b6 34. Nf2 Ba4 35. f4 e4 36. Kd4 Bd7 37. g5 b5 38. b3 Be8 39.
Nd1 Bf7 40. Ne3 Kb6 41. c5+ dxc5+ 42. bxc5+ Kc7 43. b4 a5 44. bxa5 Kb7 45.
Kc3 Ka6 46. Kb4 Be8 47. d6 Bc6 48. Nd5 Kb7 49. Ne3 Ka7 50. Nc2 Kb7 51. Nd4
e3 52. Kc3 Bd7 53. Kd3 b4 54. Kxe3 Be6 55. Nxe6 b3 56. Kd3 {Black resigns}
1-0